 Dungeon Crawl Stone Soup version 0.28.0-53-g5a82cb258f (webtiles) character file.

Game seed: 18218302754862131567

59 Sin92 the Skirmisher (level 3, -3/29 HPs)
             Began as a Demonspawn Fighter on June 30, 2022.
             Was a Follower of Fedhas.
             Slain by Robin
             ... wielding a +3 whip
              (5 damage)
             ... on level 2 of the Dungeon.
             The game lasted 00:02:17 (1616 turns).

Sin92 the Skirmisher (Demonspawn Fighter)           Turns: 1616, Time: 00:02:17

Health: -3/29      AC:  6    Str: 18    XL:     3   Next: 78%
Magic:  3/3        EV:  9    Int: 21    God:    Fedhas [*.....]
Gold:   41         SH:  4    Dex: 12    Spells: 2/2 levels left

rFire   . . .      SeeInvis .   a - +1 war axe
rCold   . . .      Faith    .   c - +0 buckler
rNeg    . . .      Spirit   .   b - +0 scale mail
rPois   .          Reflect  .   (helmet restricted)
rElec   .          Harm     .   (no cloak)
rCorr   .          Rampage  .   (no gloves)
Will    .....                   (no boots)
Stlth   ..........              (no amulet)
HPRegen 0.09/turn               f - +6 ring of intelligence
MPRegen 0.08/turn               g - +6 ring of intelligence

@: mighty
A: horns 1, powered by death 1
a: Renounce Religion


You were on level 2 of the Dungeon.
You worshipped Fedhas.
Fedhas was aware of your devotion.
You visited 1 branch of the dungeon, and saw 2 of its levels.

You collected 41 gold pieces.

Inventory:

Hand Weapons
 a - a +1 war axe (weapon)
Armour
 b - a +0 scale mail (worn)
 c - a +0 buckler (worn)
 j - a +0 helmet
 m - a +0 cloak
Jewellery
 f - a +6 ring of intelligence (left hand)
 g - a +6 ring of intelligence (right hand)
Scrolls
 k - a scroll of immolation
Potions
 e - a potion of brilliance {unknown}


   Skills:
 + Level 3.3 Fighting
 * Level 2.6 Axes
 + Level 3.0 Armour
 + Level 1.0 Dodging
 + Level 3.0 Shields


You had 2 spell levels left.
You didn't know any spells.
Your spell library was empty.

Dungeon Overview and Level Annotations

Branches:
Dungeon (2/15)

Altars:
Fedhas
Beogh

Shops:
D:1 [

Annotations:
D:2 Robin


Innate Abilities, Weirdness & Mutations

You have a pair of small horns on your head.
You regenerate a little health from kills.


Message History

Fedhas appreciates your contribution to the ecosystem.
Robin hits you but does no damage.
You hit Robin.
Robin is lightly wounded.
Robin closely misses you. You block Robin's attack.
Unknown command.
You barely miss Robin. You headbutt Robin, but do no damage.
Robin is lightly wounded.
Robin hits you with a +3 whip. x2
Unknown command.
You are too injured to fight recklessly!
Unknown command.
You are too injured to fight recklessly!
Unknown command.
You are too injured to fight recklessly!
Unknown command.
You are too injured to fight recklessly!
Unknown command.
You feel very mighty all of a sudden. Robin barely misses you.
Robin closely misses you.
You closely miss Robin.
Robin is lightly wounded.
You block Robin's attack. Robin misses you.
You hit Robin.
Robin is lightly wounded.
Robin closely misses you. Robin hits you with a +3 whip.
You barely miss Robin. Your headbutt misses Robin.
Robin is lightly wounded.
Robin hits you with a +3 whip. Robin hits you with a +3 whip!
* * * LOW HITPOINT WARNING * * *
You slash Robin!
Robin is almost dead.
Robin hits you but does no damage. Robin hits you with a +3 whip.
* * * LOW HITPOINT WARNING * * *
You closely miss Robin.
Robin is almost dead.
You block Robin's attack. Robin barely misses you.
Robin hits you with a +3 whip.
You die...
Fedhas appreciates your contribution to the ecosystem.

#. .## #. ..# #. ..
.. # .. #. #.####.#
#. ...#.#
#g######.#.#####
#)@(.......#...####
########.###.......
#.# #....... #.#
##.#....
#.####.#....
#...........
########.#....
#........#....
#.########....


You could see Robin (fast).

Vanquished Creatures
  5 dart slugs
  3 ball pythons (D:1)
  2 endoplasms (D:1)
  A giant cockroach (D:2)
  15 goblins
  6 hobgoblins
  A quokka (D:1)
  2 bats (D:1)
  6 kobolds (D:1)
  3 rats
44 creatures vanquished.

Notes
Turn   | Place    | Note
-------+----------+-------------------------------------------
     0 | D:1      | Sin92 the Demonspawn Fighter began the quest for the Orb.
     0 | D:1      | Reached XP level 1. HP: 18/18 MP: 1/1
   314 | D:1      | Gained mutation: You regenerate a little health from kills.
                  | [demonic ancestry]
   314 | D:1      | Reached XP level 2. HP: 20/24 MP: 2/2
   637 | D:1      | Found Qeimauh's Armour Emporium.
   761 | D:1      | Gained mutation: You have a pair of small horns on your
                  | head. [demonic ancestry]
   761 | D:1      | Reached XP level 3. HP: 29/29 MP: 3/3
   798 | D:1      | Found a faded altar of an unknown god.
  1330 | D:1      | Prayed at the altar of an unknown god.
  1330 | D:1      | Became a worshipper of Fedhas Madash
  1330 | D:1      | Reached * piety under Fedhas
  1573 | D:2      | Reached skill level 1 in Dodging
  1599 | D:2      | Noticed Robin
  1615 | D:2      | HP: 1/29 [Robin/+3 whip (1)]
  1616 | D:2      | Slain by Robin

Illustrated notes

Levels and vault maps discovered:
D:1:      dpeg_arrival_morbid_curiosity, layout_loops_corners,
          hellmonk_ecumenical_altar_defaced_shrine, serial_shops,
          nicolae_shop_temple_entry_statues_fountains, hangedman_decor_growths
D:2:      layout_loops_ring, nicolae_concentric_dashed_squares_wild,
          uniq_natasha, uniq_robin

Skill      XL: |  1  2  3 |
---------------+----------+-----
Axes           | 2 |  2.6
Shields        | 3 |  3.0
Armour         | 3 |  3.0
Dodging        | 1 |  1.0
Fighting       | |  3.3

Action                   || total
-------------------------++-------
Melee: War axe           ||    91
       Headbutt          ||     7
  Use: Scroll            ||     3
       Potion            ||     1
Armor: Scale mail        ||    42
Dodge: Dodged            ||    38
Block: Buckler           ||    28
